 Dungeon Crawl Stone Soup version 0.24.0-1-gfbc8707122 (webtiles) character file.

Game seed: 4263066147668025035, levelgen mode: deterministic

71723 MTVSty1e the Severer (level 14, -5/130 HPs)
             Began as a Minotaur Fighter on Oct 28, 2019.
             Was the Champion of Okawaru.
             Killed from afar by a frost giant (72 damage)
             ... with a bolt of cold
             ... on level 15 of the Dungeon.
             The game lasted 00:33:59 (19098 turns).

MTVSty1e the Severer (Minotaur Fighter)            Turns: 19098, Time: 00:33:59

Health: -5/130     AC: 23    Str: 26    XL:     14   Next: 98%
Magic:  0/21       EV: 12    Int:  7    God:    Okawaru [******]
Gold:   1232       SH: 12    Dex: 14    Spells: 13/13 levels left

rFire    . . .     SeeInvis .   y - +1 broad axe (flame)
rCold    x . .     Gourm    .   c - +0 shield
rNeg     + + +     Faith    .   G - +6 scale mail of the Snake Pit {Regen+ rCorr Int+2 Stlth-}
rPois    .         Spirit   +   T - +0 hat of Tulips {rElec rC- rN+}
rElec    +         Reflect  .   V - scarf {Spirit}
rCorr    +         Harm     .   A - +1 pair of gloves {archery}
MR       +....                  J - +2 pair of boots
Stlth    +.........             M - amulet of the acrobat
HPRegen  0.71/turn              u - ring "Noluk Adu" {rN+ Dex+4}
MPRegen  0.17/turn              F - ring of positive energy

@: heroism
A: retaliatory headbutt, horns 2
a: Heroism, Finesse, Renounce Religion


You were on level 15 of the Dungeon.
You worshipped Okawaru.
Okawaru was exalted by your worship.
You were hungry.

You visited 3 branches of the dungeon, and saw 22 of its levels.
You also visited: Ossuary and Volcano.

You collected 1432 gold pieces.
You spent 200 gold pieces at shops.

Inventory:

Hand Weapons
 a - a +0 war axe
 h - a +2 hand axe of flaming
 y - a +1 broad axe of flaming (weapon)
 L - a +0 spear
Armour
 c - a +0 shield (worn)
 w - a +4 plate armour of fire resistance
 A - a +1 pair of gloves of archery (worn)
 G - the +6 scale mail of the Snake Pit (worn) {Regen+ rCorr Int+2 Stlth-}
   (You found it on level 6 of the Dungeon)

   It affects your intelligence (+2).
   It increases your rate of regeneration.
   It provides partial protection from all sources of acid and corrosion.
   It makes you less stealthy.
 J - a +2 pair of boots (worn)
 T - the +0 hat of Tulips (worn) {rElec rC- rN+}
   (You acquired it on level 5 of the Lair of Beasts)

   It makes you vulnerable to cold.
   It insulates you from electricity.
   It protects you from negative energy.
 V - a scarf of spirit shield (worn)
Jewellery
 q - an uncursed ring of ice
 r - an uncursed ring of flight
 u - the ring "Noluk Adu" (left hand) {rN+ Dex+4}
   (You acquired it on level 4 of the Dungeon)

   [ring of positive energy]

   It affects your dexterity (+4).
   It protects you from negative energy.
 F - a ring of positive energy (right hand)
 M - an amulet of the acrobat (around neck)
 O - an uncursed ring of fire
Wands
 d - a wand of acid (6)
 l - a wand of random effects (32)
 K - a wand of paralysis (16)
 N - a wand of scattershot (1)
 P - a wand of disintegration (31)
 X - a wand of polymorph (6)
Scrolls
 g - 16 scrolls of teleportation
 k - 2 scrolls of blinking
 n - 5 scrolls of magic mapping
 t - 6 scrolls of remove curse
 B - 10 scrolls of amnesia
 D - 6 scrolls of identify
 I - 4 scrolls of fear
 Q - a scroll of enchant weapon
 R - a scroll of fog
 S - 2 scrolls of enchant armour
 U - a scroll of brand weapon
Potions
 e - 9 potions of lignification
 i - 7 potions of brilliance
 m - 6 potions of haste
 o - 10 potions of agility
 p - 3 potions of berserk rage
 v - 2 potions of resistance
 x - 2 potions of ambrosia {unknown}
 z - 6 potions of heal wounds
 C - 6 potions of curing
 E - 2 potions of flight {unknown}
 H - a potion of cancellation {unknown}
Comestibles
 f - 20 rations


   Skills:
 + Level 13.7(18.7) Fighting
 * Level 20.3(25.3) Axes
 + Level 13.7(18.7) Armour
 - Level 3.6(8.6) Shields
 * Level 11.1 Invocations


You had 13 spell levels left.
You didn't know any spells.
Your spell library contained the following spells:

 Spells                   Type           Power        Failure   Level  Hunger
 Sandblast                Erth           #.....       87%         1    ##.....
 Sting                    Conj/Pois      #...         87%         1    ##.....
 Poisonous Vapours        Pois/Air       #.....       95%         2    ###....
 Mephitic Cloud           Conj/Pois/Air  #.......     99%         3    ####...
 Olgreb's Toxic Radiance  Pois           #.......     100%        4    #####..
 Petrify                  Tmut/Erth      #.......     100%        4    #####..
 Summon Lightning Spire   Summ/Air       #.......     100%        4    #####..
 Silence                  Hex/Air        #.........   100%        5    ######.
 Venom Bolt               Conj/Pois      #.........   100%        5    ######.
 Conjure Ball Lightning   Conj/Air       #.........   100%        6    #######
 Deflect Missiles         Chrm/Air       #.........   100%        6    #######
 Statue Form              Tmut/Erth      #........    100%        6    #######
 Shatter                  Erth           #.........   100%        9    #######
 Tornado                  Air            #.........   100%        9    #######


Dungeon Overview and Level Annotations

Branches:
Dungeon (15/15)            Temple (1/1) D:4            Lair (6/6) D:11
  Swamp (0/4) Lair:3       Spider (0/4) Lair:3        Slime (0/5) Lair:5
    Orc (0/2) D:10         Vaults (0/5) D:14         Depths (0/5) D:15
Ossuary (visited)         Volcano (visited)

Altars:
Ashenzari
Cheibriados
Dithmenos
Elyvilon
Fedhas
Gozag
Hepliaklqana
Kikubaaqudgha
Makhleb
Nemelex Xobeh
Okawaru
Qazlal
Ru
Sif Muna
Trog
Uskayaw
Vehumet
Wu Jian
Xom
Yredelemnul
Zin
The Shining One
Jiyva

Shops:
D:14 *%([

Annotations:
D:4 1 runed translucent door, mopl's ghost, novice GrBe
D:14 3 runed translucent doors
Lair:2 1 runed translucent door, Inarius's ghost, journeyman MiFi
Lair:5 1 runed translucent door


Innate Abilities, Weirdness & Mutations

You reflexively headbutt those who attack you in melee.
You have a pair of horns on your head.


Message History

The frost giant casts a spell at you. The bolt of cold hits you!!!
You feel a terrible chill!
* * * LOW HITPOINT WARNING * * *
Okay, then.
You feel much better.
The frost giant hits you but does no damage.
You slash the frost giant! You burn the frost giant.
You headbutt the frost giant.
The frost giant is severely wounded.
You slash the frost giant! You burn the frost giant.
You headbutt the frost giant.
The frost giant is almost dead.
The frost giant hits you with a +1 battleaxe of freezing!
The frost giant freezes you.
* * * LOW HITPOINT WARNING * * *
You feel much better. The frost giant casts a spell at you.
The bolt of cold hits you!!!!
You feel a terrible chill!
Ouch! That really hurt!
You die...

# ##..#≈..#..≈# #
##.#.#.#.#(# #
#######.#.≈.≈.≈.#
####.......#.≈...≈(#
.....#####.#.≈...≈.#
###### #.#.##+##.#
#.#.#...#)# #.#
#.C.#.# ### +..@'.#
#######


You could see a frost giant.

Vanquished Creatures
  7 centaur warriors
  3 catoblepae (Lair:6)
  A rakshasa (D:12)
  6 hydras
  2 dancing weapons (D:14)
  2 two-headed ogres (D:11)
  7 death yaks (Lair:6)
  2 tengu warriors
  Nergalle (Lair:2)
  An unseen horror (D:14)
  A deep elf mage (D:13)
  7 manticores
  3 oklob plants (D:11)
  5 ugly things (D:14)
  2 black mambas (Lair:2)
  11 elephants (Lair:6)
  2 cyclopes
  Joseph (D:10)
  10 spiny frogs
  3 gargoyles
  3 rime drakes
  2 kobold demonologists (D:13)
  7 komodo dragons
  A demonic crawler (Lair:3)
  An efreet (Volcano)
  A tengu conjurer (D:15)
  A harpy zombie (D:14)
  4 trolls
  2 polar bears
  A wind drake (shapeshifter) (D:15)
  10 slime creatures
  9 hippogriffs
  Sigmund (D:5)
  2 wraiths (D:14)
  2 wyverns
  A basilisk (shapeshifter) (D:13)
  2 vampires
  61 yaks
  3 basilisks
  Grum (D:10)
  A fire elemental (Volcano)
  A steam dragon (Lair:3)
  2 hungry ghosts
  A soldier ant (D:10)
  8 porcupines
  6 water moccasins
  4 sky beasts
  6 orc warriors
  An eye of draining (D:10)
  A necrophage (D:13)
  A phantom (D:4)
  4 ice beasts
  3 ogres
  19 wolves
  6 crocodiles
  22 centaurs
  An elf zombie (Ossuary)
  Blork the orc (D:4)
  5 big kobolds
  2 earth elementals (Volcano)
  12 bullfrogs
  7 scorpions
  52 killer bees
  9 wights (D:7)
  An electric eel (Lair:3)
  5 howler monkeys
  4 crimson imps
  A quasit (D:13)
  A human zombie (Ossuary)
  5 jellies
  2 bullfrog zombies
  A centaur zombie (D:10)
  12 orc priests
  5 hounds
  6 orc wizards
  2 bullfrog skeletons
  10 centaur skeletons
  4 iguanas
  14 worker ants
  2 hound skeletons
  A hound zombie (Ossuary)
  2 howler monkey zombies (D:5)
  4 mummies (Ossuary)
  2 worker ant zombies
  15 gnolls
  6 adders
  4 shadow imps
  An ooze (D:3)
  An adder zombie (Ossuary)
  2 adder skeletons
  2 worms (D:2)
  5 dart slugs
  4 leopard geckos
  52 orcs
  7 bats
  9 giant cockroaches
  10 hobgoblins
  13 jackals
  4 quokkas
  A ball python (D:3)
  6 frilled lizards
  A gnoll zombie (Ossuary)
  22 goblins
  2 goblin skeletons (D:4)
  2 goblin zombies (D:4)
  5 hobgoblin zombies
  A jackal zombie (Ossuary)
  22 kobolds
  4 kobold zombies
  A leopard gecko skeleton (D:8)
  An orc zombie (Ossuary)
  2 quokka skeletons
  3 rats (D:1)
  A rat zombie (Ossuary)
  2 fungi (Lair:6)
  2 plants (D:11)
664 creatures vanquished.

Vanquished Creatures (others)
  A plant (Lair:1)
1 creature vanquished.

Grand Total: 665 creatures vanquished

Notes
Turn   | Place    | Note
-------+----------+-------------------------------------------
     0 | D:1      | MTVSty1e the Minotaur Fighter began the quest for the Orb.
     0 | D:1      | Reached XP level 1. HP: 19/19 MP: 0/0
    80 | D:1      | Reached skill level 3 in Axes
   113 | D:1      | Reached XP level 2. HP: 24/26 MP: 1/1
   222 | D:1      | Reached skill level 4 in Axes
   272 | D:1      | Reached XP level 3. HP: 29/31 MP: 2/2
   952 | D:2      | Reached skill level 5 in Axes
  1025 | D:2      | Found a shattered altar of Ashenzari.
  1033 | D:2      | Found a burning altar of Makhleb.
  1041 | D:2      | Found a blossoming altar of Fedhas.
  1044 | D:2      | Found a radiant altar of Vehumet.
  1190 | D:2      | Found a sparkling altar of Nemelex Xobeh.
  1191 | D:2      | Found an opulent altar of Gozag.
  1468 | D:2      | Found a hide-covered altar of Uskayaw.
  1468 | D:2      | Found a hazy altar of Hepliaklqana.
  1468 | D:2      | Found a bloodstained altar of Trog.
  1675 | D:3      | Reached XP level 4. HP: 39/39 MP: 3/3
  1709 | D:3      | Reached skill level 6 in Axes
  1822 | D:3      | Reached XP level 5. HP: 38/45 MP: 4/4
  2166 | D:3      | Reached skill level 7 in Axes
  2435 | D:3      | Found a faded altar of an unknown god.
  2620 | D:4      | Found a glowing golden altar of the Shining One.
  2627 | D:4      | Noticed Blork the orc
  2630 | D:4      | Reached XP level 6. HP: 50/51 MP: 5/5
  2655 | D:4      | Killed Blork the orc
  2655 | D:4      | Reached skill level 8 in Axes
  2730 | D:4      | Found a sand-covered staircase.
  2739 | Ossuary  | Entered an ossuary
  2762 | Ossuary  | Reached skill level 9 in Axes
  3195 | Ossuary  | Reached XP level 7. HP: 44/57 MP: 6/6
  3230 | D:4      | Identified 2 scrolls of acquirement
  3231 | D:4      | Got a crude jade ring
  3236 | D:4      | Identified the ring "Noluk Adu" {rN+ Dex+4} (You acquired
                  | it on level 4 of the Dungeon)
  3314 | D:4      | Found a staircase to the Ecumenical Temple.
  3318 | D:4      | Reached skill level 10 in Axes
  3332 | Temple   | Entered the Ecumenical Temple
  3966 | D:4      | Found a runed translucent door.
  3966 | D:4      | Noticed mopl's ghost (novice GrBe)
  4099 | D:5      | Entered Level 5 of the Dungeon
  4238 | D:5      | Noticed Sigmund
  4248 | D:5      | Killed Sigmund
  4248 | D:5      | Reached skill level 11 in Axes
  4248 | D:5      | Reached XP level 8. HP: 43/64 MP: 7/7
  4701 | D:5      | Found a snail-covered altar of Cheibriados.
  4839 | D:5      | Found a white marble altar of Elyvilon.
  4936 | D:5      | Found a basalt altar of Yredelemnul.
  5123 | D:6      | Got a fine scale mail
  5124 | D:6      | Identified the +6 scale mail of the Snake Pit {Regen+ rCorr
                  | Int+2 Stlth-} (You found it on level 6 of the Dungeon)
  5452 | D:6      | Reached skill level 12 in Axes
  5486 | D:6      | Reached skill level 5 in Fighting
  5486 | D:6      | Reached skill level 5 in Armour
  6196 | D:7      | Reached XP level 9. HP: 74/74 MP: 8/8
  6877 | D:7      | Reached skill level 13 in Axes
  7536 | D:9      | Noticed a troll
  7562 | D:9      | Killed a troll
  7562 | D:9      | Reached skill level 14 in Axes
  7562 | D:9      | Reached XP level 10. HP: 66/86 MP: 9/9
  7767 | D:9      | Found an iron altar of Okawaru.
  7779 | D:9      | Became a worshipper of Warmaster Okawaru
  8118 | D:10     | Entered Level 10 of the Dungeon
  8150 | D:10     | Noticed Joseph
  8158 | D:10     | Killed Joseph
  8297 | D:10     | Reached * piety under Okawaru
  8651 | D:10     | Found a staircase to the Orcish Mines.
  8729 | D:10     | Reached skill level 15 in Axes
  8732 | D:10     | Reached ** piety under Okawaru
  8937 | D:10     | Noticed Grum
  8949 | D:10     | Killed Grum
  9052 | D:11     | Noticed a manticore
  9064 | D:11     | Killed a manticore
  9066 | D:11     | Reached *** piety under Okawaru
  9136 | D:11     | Reached XP level 11. HP: 93/97 MP: 10/10
  9140 | D:11     | Noticed a two-headed ogre
  9145 | D:11     | Killed a two-headed ogre
  9275 | D:11     | Reached skill level 16 in Axes
  9278 | D:11     | Reached **** piety under Okawaru
  9347 | D:11     | Noticed a two-headed ogre
  9353 | D:11     | Killed a two-headed ogre
  9353 | D:11     | Reached skill level 10 in Fighting
  9353 | D:11     | Reached skill level 10 in Armour
  9588 | D:11     | Noticed an oklob plant
  9591 | D:11     | Found a staircase to the Lair.
  9591 | D:11     | Noticed an oklob plant
  9597 | D:11     | Killed an oklob plant
  9603 | D:11     | Noticed an oklob plant
  9612 | D:11     | Killed an oklob plant
  9621 | D:11     | Killed an oklob plant
  9807 | D:12     | Received a gift from Okawaru
  9905 | Lair:1   | Entered Level 1 of the Lair of Beasts
  9995 | Lair:1   | Reached ***** piety under Okawaru
 10133 | Lair:1   | Reached skill level 17 in Axes
 10174 | Lair:1   | Reached skill level 1 in Invocations
 10387 | Lair:1   | Reached XP level 12. HP: 108/108 MP: 12/12
 10452 | Lair:1   | Received a gift from Okawaru
 10998 | Lair:2   | Found a runed translucent door.
 10998 | Lair:2   | Noticed Inarius's ghost (journeyman MiFi)
 11030 | Lair:2   | Found a dark tunnel.
 11047 | Volcano  | Entered a volcano
 11325 | Lair:2   | Noticed Nergalle
 11340 | Lair:2   | Killed Nergalle
 11603 | Lair:2   | Reached skill level 5 in Invocations
 11625 | Lair:2   | Noticed a four-headed hydra
 11634 | Lair:2   | Killed a one-headed hydra
 12111 | Lair:3   | Received a gift from Okawaru
 12128 | Lair:3   | Reached skill level 18 in Axes
 12130 | Lair:3   | Found a hole to the Spider Nest.
 12192 | Lair:3   | Noticed an eight-headed hydra
 12213 | Lair:3   | Killed a four-headed hydra
 12464 | Lair:3   | Noticed a six-headed hydra
 12471 | Lair:3   | Killed a two-headed hydra
 12472 | Lair:3   | Found a staircase to the Swamp.
 12922 | Lair:3   | Reached XP level 13. HP: 107/117 MP: 16/16
 13260 | Lair:4   | Received a gift from Okawaru
 14047 | Lair:5   | Got an encrusted hat
 14053 | Lair:5   | Identified the +0 hat of Tulips {rElec rC- rN+} (You
                  | acquired it on level 5 of the Lair of Beasts)
 14202 | Lair:5   | Found a runed translucent door.
 14203 | Lair:5   | Found a viscous altar of Jiyva.
 14207 | Lair:5   | Noticed an acid blob
 14207 | Lair:5   | Noticed an acid blob
 14291 | Lair:5   | Identified the Guide on the Rocks
 14611 | Lair:5   | Found a staircase to the Slime Pits.
 14628 | Lair:6   | Entered Level 6 of the Lair of Beasts
 14678 | Lair:6   | Received a gift from Okawaru
 14685 | Lair:6   | Reached ****** piety under Okawaru
 14876 | Lair:6   | Received a gift from Okawaru
 14876 | Lair:6   | Reached skill level 19 in Axes
 14877 | Lair:6   | Found the +7 Kryia's mail coat {PotionHeal*2 rC+}
 15112 | Lair:6   | Reached XP level 14. HP: 113/127 MP: 19/19
 16135 | D:12     | Found a stormy altar of Qazlal.
 16674 | D:13     | Reached skill level 10 in Invocations
 16710 | D:13     | Received a gift from Okawaru
 17722 | D:14     | Reached skill level 20 in Axes
 17751 | D:14     | Found a gate to the Vaults.
 17795 | D:14     | Found Wuresetu's General Store.
 17808 | D:14     | Bought a scroll of brand weapon for 200 gold pieces
 17921 | D:14     | Found Qaaduch's Food Boutique.
 18191 | D:14     | Found Pienubuj's Antique Armour Shoppe.
 18220 | D:14     | Received a gift from Okawaru
 18268 | D:14     | Found Cykootal's Weapon Shop.
 18606 | D:14     | Found a runed translucent gate.
 18607 | D:14     | Found a runed translucent gate.
 18607 | D:14     | Found a runed translucent gate.
 18607 | D:14     | Noticed a white very ugly thing
 18764 | D:15     | Entered Level 15 of the Dungeon
 19089 | D:15     | Found a staircase to the Depths.
 19089 | D:15     | Noticed a frost giant
 19098 | D:15     | Killed from afar by a frost giant

Levels and vault maps discovered:
D:1:      dpeg_arrival_boxes_within_box, layout_rooms, kennysheep_small_spiral,
          minmay_cut_off
D:2:      minmay_skewed_foursquare, layout_basic,
          grunt_temple_overflow_opulence, gammafunk_temple_overflow_claw,
          grunt_temple_overflow_cloverleaf, eino_tiny_chamber,
          due_unseen_surprise
D:3:      layout_basic, first_ration, chequers_ecumenical_altar_grove,
          kennysheep_generic_room_5
D:4:      kennysheep_the_goblin_king, layout_basic,
          minmay_temple_entry_junction, hellmonk_ghost_happy_afterlife,
          enter_ossuary_1, nicolae_tso_besieged_by_evil, uniq_blork_the_orc
D:5:      layout_basic, kennysheep_ying_yang, kennysheep_mini, uniq_sigmund
D:6:      layout_layer_cave
D:7:      layout_basic
D:8:      layout_rooms
D:9:      layout_roguey, kennysheep_okawaru_gauntlet
D:10:     layout_irregular_city, erik_orc_4, uniq_joseph, uniq_grum
D:11:     layout_cave_pools, dpeg_oklobed_lair
D:12:     layout_roguey, basic_altar
D:13:     layout_cave_pods
D:14:     layout_rooms, erik_vaults_1,
          ploomutoo_gammafunk_ghost_potion_laboratory, minmay_holes,
          serial_shops, shop, shop, shop_statue, nicolae_shop_statue_plus
D:15:     grunt_enter_depths_snipers, layout_rooms, ebering_ghost_disaster_area,
          minmay_misc_feat_square
Temple:   compressed_dpeg_triangle_lava_temple
Lair:1:   wad_woods_minihive, layout_regular_city, grunt_megastairs_3,
          serial_bayou_shore_b
Lair:2:   layout_hall_layers, nicolae_volcano_entry_lava_flow,
          gammafunk_ghost_grave, grunt_megastairs_2, uniq_nergalle
Lair:3:   layout_cave_pods, swamp_mist, nicolae_spider_entry_non_spiders,
          nicolae_quartered_pool_super, patterned_corridor
Lair:4:   layout_regular_city, chequers_serial_rivers_large_a, minivault_26,
          lemuel_fruit_tree
Lair:5:   layout_hall_layers, slime_altar_2, minivault_19
Lair:6:   evilmike_catoblepas_cave, layout_misc_corridors

Skill      XL: |  1  2  3  4  5  6  7  8  9 10 11 12 13 14 |
---------------+-------------------------------------------+-----
Axes           | 3 4 5 6 7 9 11 12 14 15 17 18 19 20 | 20.3
Fighting       | 5 7 9 10 11 12 13 | 13.7
Armour         | 5 7 9 10 11 12 13 | 13.7
Invocations    | 1 6 9 11 | 11.1
Shields        | |  3.6

Action                   |  1- 3 |  4- 6 |  7- 9 | 10-12 | 13-15 || total
-------------------------+-------+-------+-------+-------+-------++-------
Melee: War axe           |   105 |   124 |       |       |       ||   229
       Headbutt          |    13 |    22 |    67 |   154 |   164 ||   420
       Broad axe         |       |    15 |   350 |   592 |   556 ||  1513
       Hand axe          |       |       |       |    16 |    23 ||    39
Invok: Heroism           |       |       |       |     5 |     4 ||     9
Evoke: Wand              |       |       |       |    13 |     2 ||    15
  Use: Scroll            |     2 |     2 |    14 |    10 |     8 ||    36
       Potion            |       |       |     4 |     2 |     3 ||     9
 Stab: Paralysed         |       |       |       |     3 |       ||     3
       Petrifying        |       |       |       |       |     2 ||     2
       Petrified         |       |       |       |       |     1 ||     1
  Eat: Chunk             |     1 |     2 |     3 |     2 |     6 ||    14
       Ration            |       |     2 |     3 |     5 |     4 ||    14
Armor: Scale mail        |    54 |       |   145 |   373 |   263 ||   835
       Plate armour      |     7 |   110 |    54 |       |       ||   171
Dodge: Dodged            |    34 |    24 |    92 |   239 |   194 ||   583
Block: Shield            |    52 |    77 |   210 |   279 |   269 ||   887
